AoeStats
← ferderder1

Arabia

509885942Analyzed
1v1 RM · 4d ago on Sep 28, 2026· 45m 29s· 2 players
Game mode
Random Map
Map size
Tiny (2 player)
Population
200
Speed
Normal
Resources
Standard
Victory
Conquest
Starting age
Dark Age
Ending age
Imperial Age
RankedLock teamsTeams togetherTeam positionsShared explorationLock speedFull tech treeHidden civsTurbo modeCheats
Victory
Defeat
🇪🇸 Koreans · Spain
907
+18
🇨🇳 Maya · China
941
-18
ferderder1
4:40 Loom
11:32 Feudal Age
17:16 Castle Age
17:11 Wheelbarrow
18:32 Fletching
18:54 Double-Bit Axe
19:57 Horse Collar
21:46 Scale Barding Armor
23:37 Forging
25:07 Chain Barding Armor
29:49 Iron Casting
29:13 Bodkin Arrow
32:05 Gold Mining
32:27 Bow Saw
33:27 Husbandry
35:39 Iron Casting
35:55 Heavy Plow
42:29 Imperial Age
43:23 Cavalier
44:00 Town Watch
加成
10:15 Feudal Age
10:58 Double-Bit Axe
13:35 Loom
20:21 Castle Age
18:43 Fletching
18:48 Horse Collar
21:00 Bodkin Arrow
20:29 Pikeman
20:47 Elite Skirmisher
24:31 Squires
27:39 Bow Saw
29:49 Heavy Plow
29:43 Crossbowman
31:10 Gold Mining
32:12 Padded Archer Armor
33:27 Ballistics
34:45 Wheelbarrow
38:49 Imperial Age
37:30 Masonry
39:31 Hand Cart
39:49 Bracer
41:57 Halberdier
42:58 Stone Mining
43:54 Leather Archer Armor
44:28 Scale Mail Armor
Connection lost

Rejoining the realm…

Still unreachable

The connection could not be restored.

Session expired

The server has moved on; the page needs a fresh start.